 Dungeon Sprint DCSS version 0.30.1-3-gfc49f6343a (webtiles) character file.

Game seed: 9202000232680309683

133 boopmooplesden the Fighter (level 4, -4/48 HPs)
             Began as a Minotaur Berserker on July 28, 2023.
             Was a Follower of Trog.
             Shot with an arrow by a deep elf archer (8 damage)
             ... in the Dungeon (Sprint V: "Ziggurat Sprint").
             The game lasted 00:01:14 (139 turns).

boopmooplesden the Fighter (Minotaur Berserker)      Turns: 139, Time: 00:01:15

Health: -4/48      AC: 19    Str: 36    XL:     4   Next: 94%
Magic:  3/3        EV:  5    Int:  4    God:    Trog [*.....]
Gold:   0          SH:  0    Dex:  9    Spells: 3/3 levels left

rFire   + . .        l - +6 shillelagh "Devastator" {shatter}
rCold   + . .        o - +3 tower shield
rNeg    . . .        i - +5 gold dragon scales
rPois   +            (helmet restricted)
rElec   .            (no cloak)
rCorr   .            (no gloves)
SInv    .            (no boots)
Will    .....        (no amulet) Stlth
                     s - +6 ring of strength
HPRegen 0.28/turn    t - +6 ring of strength
MPRegen 0.08/turn

%: no teleportation
@: confused
A: horns 2, retaliatory headbutt
a: Renounce Religion, Berserk


You were in the Dungeon.
You worshipped Trog.
Trog was aware of your devotion.
You visited 1 branch

Inventory:

Hand Weapons
 a - a +0 mace
 j - the +10 dark maul {heavy}
   (You found it in the Dungeon)
 k - the +7 great mace "Firestarter" {flame, immolate, rFlCloud rF++}
   (You found it in the Dungeon)

   rFlCloud:  It grants immunity to clouds of flame.
   rF:        It greatly protects you from fire.
 l - the +6 shillelagh "Devastator" (weapon) {shatter}
   (You found it in the Dungeon)
Armour
 b - a +0 animal skin
 i - +5 gold dragon scales (worn)
 o - a +3 tower shield (worn)
Jewellery
 n - a ring of flight
 s - a +6 ring of strength (left hand)
 t - a +6 ring of strength (right hand)
Wands
 m - a wand of paralysis (3)
 u - a wand of mindburst (7)
 v - a wand of iceblast (7)
 w - a wand of acid (7)
Scrolls
 h - 4 scrolls of blinking
 y - 7 scrolls of fog
 C - 5 scrolls of identify
 D - 2 scrolls of fear
Potions
 c - 10 potions of curing
 d - 10 potions of heal wounds
 e - 6 potions of haste
 f - 7 potions of magic
 g - 3 potions of berserk rage
 x - 2 potions of invisibility
 z - 4 potions of resistance
 A - a potion of experience
 B - 5 potions of might


   Skills:
 + Level 8.2 Fighting
 + Level 8.1 Maces & Flails
 + Level 4.5 Armour
 + Level 4.1 Dodging
 + Level 0.4 Stealth


You had 3 spell levels left.
You didn't know any spells.
Your spell library was empty.

Dungeon Overview and Level Annotations

Branches:
Dungeon (1/1)

Altars:
Ashenzari
Cheibriados
Dithmenos
Elyvilon
Fedhas
Gozag
Hepliaklqana
Kikubaaqudgha
Makhleb
Nemelex Xobeh
Okawaru
Qazlal
Ru
Sif Muna
Trog
Uskayaw
Vehumet
Wu Jian
Xom
Yredelemnul
Zin
The Shining One
Jiyva
Lugonu

Annotations:
D 1 transporter


Innate Abilities, Weirdness & Mutations

You have a pair of horns on your head.
You reflexively headbutt those who attack you in melee.


Message History

You sock the phantom!
You destroy the phantom!
Trog accepts your kill.
Your Fighting skill gained 2 levels and is now at level 8!
Your Maces & Flails skill gained 2 levels and is now at level 8!
Your Armour skill increases to level 4!
Your Dodging skill increases to level 4!
You have reached level 4!
You feel stronger.
You see here a necrophage corpse.
You see here a +2 heavy great mace.
There is a transporter here.
Welcome to arena 2.
You enter the transporter and appear at another place.
A deep elf pyromancer and 2 deep elf archers come into view.
The deep elf pyromancer is wielding a +0 long sword of protection.
The deep elf pyromancer shouts!
The deep elf archer shouts!
The deep elf archer unwields a +0 dagger.
The deep elf archer wields a +1 shortbow of electrocution.
You hear the crackle of electricity.
The deep elf archer shoots an arrow.
You block the arrow.
Found three items.
Found a transporter.
The deep elf archer casts a spell at you.
You are confused.
You are too confused!
The deep elf archer unwields a +0 short sword.
The deep elf archer wields a +0 shortbow.
The deep elf archer shoots an arrow.
The arrow hits you!!
There is a transporter landing site, spattered with blood here.
The deep elf pyromancer hits you with a +0 long sword of protection.
The deep elf archer mumbles some strange words.
The deep elf archer blinks!
The deep elf pyromancer casts a spell at you.
The bolt of fire misses you.
The deep elf archer unwields a +0 shortbow.
The deep elf archer wields a +0 short sword.
The deep elf archer hits you with a +0 short sword!
* * * LOW HITPOINT WARNING * * *
The deep elf archer shoots an arrow.
The arrow hits you!
You die...

▓▓▓▓▓▓▓▓▓▓▓▓▓
▓.8©8.▓.8©8.▓
▓.|::.▓.....▓
▓e....▓.).:.▓
▓..e..▓..†..▓
▓.@e..▓.....▓
▓.....▓..©..▓
▓..©..▓▓▓▓▓▓▓
▓▓▓▓▓▓▓


You could see 2 deep elf archers and a deep elf pyromancer.

Vanquished Creatures
  A phantom (D)
  A necrophage (D)
2 creatures vanquished.

Notes
Turn   | Place    | Note
-------+----------+-------------------------------------------
     0 | D        | boopmooplesden the Minotaur Berserker began the quest for
                  | the Orb.
     0 | D        | Reached XP level 1. HP: 19/19 MP: 0/0
    65 | D        | Found a blossoming altar of Fedhas.
    65 | D        | Found the +6 Majin-Bo {spellvamp, MP+6 Int+6}
    65 | D        | Found the +27 heavy crossbow "Sniper" {heavy, Acc+∞ SInv}
    65 | D        | Found the +10 dark maul {heavy}
    65 | D        | Found the +15 Maxwell's patent armour {-Cast -Tele rElec
                  | Will+ rCorr}
    65 | D        | Found the +18 shield of the Gong {Loud rN+ Will+ rCorr
                  | EV-5}
    65 | D        | Found the +16 obsidian axe {drain, demonic, Mesm Drain Fly
                  | SInv}
    65 | D        | Found the +7 great mace "Firestarter" {flame, immolate,
                  | rFlCloud rF++}
    65 | D        | Found the +6 shillelagh "Devastator" {shatter}
    65 | D        | Found the +11 plutonium sword {Contam Stlth-}
    65 | D        | Found the +8 lance "Wyrmbane" {slay drac, rPois rF+ rC+
                  | AC+3}
    65 | D        | Found the +9 sword of Zonguldrok {reap}
    65 | D        | Found the +13 scythe of Curses {drain, curses, Drain}
    65 | D        | Found the +9 sword of Power {lifebolt}
    65 | D        | Found the +7 mace of Variability {chaos, chaos arc}
    65 | D        | Found the +11 Singing Sword {sonic wave}
    65 | D        | Found the +8 storm bow {elec, penet}
    66 | D        | Found a viscous altar of Jiyva.
    66 | D        | Found a hazy altar of Hepliaklqana.
    66 | D        | Found a transporter.
    66 | D        | Found an opulent altar of Gozag.
    66 | D        | Found an ancient bone altar of Kikubaaqudgha.
    66 | D        | Found a corrupted altar of Lugonu.
    71 | D        | Found a burning altar of Makhleb.
    72 | D        | Found a sparkling altar of Nemelex Xobeh.
    72 | D        | Found an iron altar of Okawaru.
    72 | D        | Found a stormy altar of Qazlal.
    72 | D        | Found a sacrificial altar of Ru.
    79 | D        | Found a shimmering blue altar of Sif Muna.
    81 | D        | Found a bloodstained altar of Trog.
   124 | D        | Entered arena 2.
   124 | D        | Noticed a necrophage
   124 | D        | Noticed a phantom
   124 | D        | Found a transporter.
   128 | D        | Killed a necrophage
   129 | D        | Reached XP level 2. HP: 30/31 MP: 1/1
   129 | D        | Reached XP level 3. HP: 36/38 MP: 2/2
   130 | D        | Killed a phantom
   131 | D        | Reached XP level 4. HP: 41/48 MP: 3/3
   135 | D        | Entered arena 3.
   135 | D        | Noticed a deep elf pyromancer
   135 | D        | Noticed a deep elf archer
   135 | D        | Noticed a deep elf archer
   135 | D        | Found a transporter.
   139 | D        | Shot with an arrow by a deep elf archer

Illustrated notes

Levels and vault maps discovered:
D:        sprint_v [room_start, room_1, room_2, room_3, room_4, room_5, room_6,
          room_7, room_8, room_9, room_10, room_11, room_12, room_13, room_14,
          room_15, room_16, room_17, room_18, room_19, room_20, room_21,
          room_22, room_23, room_24, room_25, room_26, room_27]

Skill      XL: |  1  2  3 |
---------------+----------+-----
Fighting       | 6 8 |  8.2
Maces & Flails | 6 8 |  8.1
Armour         | 3 4 |  4.5
Dodging        | 3 4 |  4.1
Stealth        | |  0.4

Action                     |  1- 3 |  4- 6 || total
---------------------------+-------+-------++-------
  Melee: Shillelagh        |     5 |       ||     5
         Headbutt          |     1 |       ||     1
 Armour: Gold dragon scale |     5 |       ||     5
  Dodge: Dodged            |     2 |     1 ||     3
  Block: Tower shield      |     1 |     1 ||     2
